 Dungeon Crawl Stone Soup version 0.24.0-1-gfbc8707122 (webtiles) character file.

Game seed: 6373196247659476195, levelgen mode: deterministic

1023 Curus the Cruncher (level 8, -25/44 HPs)
             Began as a Gargoyle Gladiator on Oct 28, 2019.
             Was a Follower of Makhleb.
             Blown up by a centaur (29 damage)
             ... with a disintegration bolt
             ... on level 5 of the Dungeon.
             The game lasted 00:16:59 (3614 turns).

Curus the Cruncher (Gargoyle Gladiator)             Turns: 3614, Time: 00:16:59

Health: -25/44     AC: 17    Str: 18    XL:     8   Next: 22%
Magic:  8/8        EV:  8    Int:  9    God:    Makhleb [*.....]
Gold:   199        SH:  0    Dex: 13    Spells: 7/7 levels left

rFire    . . .     SeeInvis .   a - +0 quarterstaff
rCold    + . .     Gourm    .   (shield currently unavailable)
rNeg     + . .     Faith    .   q - +3 chain mail {rC+}
rPois    ∞         Spirit   .   (helmet restricted)
rElec    +         Reflect  .   (no cloak)
rCorr    .         Harm     .   g - +0 pair of gloves
MR       .....                  (no boots)
Stlth    ..........             (no amulet)
HPRegen  0.14/turn              (no ring)
MPRegen  0.11/turn              (no ring)

@: no status effects
A: beak, claws 1, negative energy resistance 1, electricity resistance,
unbreathing, petrification resistance, rot immunity, AC +5
a: Renounce Religion


You were on level 5 of the Dungeon.
You worshipped Makhleb.
Makhleb was aware of your devotion.
You were not hungry.

You visited 2 branches of the dungeon, and saw 6 of its levels.

You collected 199 gold pieces.

Inventory:

Hand Weapons
 a - a +0 quarterstaff (weapon)
Missiles
 d - 3 throwing nets (quivered)
Armour
 b - a +0 leather armour
 c - a +1 helmet
 e - a +0 scale mail
 g - a +0 pair of gloves (worn)
 p - a +0 chain mail
 q - a +3 chain mail of cold resistance (worn)
Jewellery
 k - an uncursed amulet of inaccuracy
Wands
 i - a wand of flame (19)
Scrolls
 j - a scroll of noise
 l - a scroll of teleportation
 m - 5 scrolls of identify
 n - 3 scrolls of remove curse
 o - a scroll of magic mapping
Potions
 h - 4 potions of curing
Comestibles
 f - 7 rations


   Skills:
 - Level 2.1 Fighting
 + Level 9.8 Staves
 - Level 1.7 Throwing
 - Level 2.4 Dodging


You had 7 spell levels left.
You didn't know any spells.
Your spell library was empty.

Dungeon Overview and Level Annotations

Branches:
Dungeon (5/15)             Temple (1/1) D:4

Altars:
Cheibriados
Dithmenos
Elyvilon
Fedhas
Gozag
Hepliaklqana
Kikubaaqudgha
Makhleb
Nemelex Xobeh
Qazlal
Sif Muna
Uskayaw
Vehumet
Wu Jian
Xom
Yredelemnul
Zin

Annotations:
D:4 3 runed translucent doors, diiiiiane's ghost, novice DEFE


Innate Abilities, Weirdness & Mutations

You are resistant to torment.
Your stone body is resilient. (AC +5)
You are immune to poison.
You resist negative energy. (rN+)
You are resistant to electric shocks. (rElec)
You can survive without breathing.
You are immune to petrification.
You are immune to rotting.
You have a beak for a mouth.
You have sharp fingernails.


Message History

The adder zombie completely misses you.
You sock the adder zombie!
You destroy the adder zombie!
Makhleb accepts your kill.
Found a pair of gloves.
n - 3 scrolls of remove curse (gained 1)
A centaur comes into view.
It is carrying a wand of disintegration (6).
The centaur zaps a wand.
You are blasted!
The centaur wields a +0 shortbow.
The centaur shoots an arrow.
The arrow hits you but does no damage.
The centaur shoots an arrow.
The arrow hits you but does no damage.
The centaur zaps a wand.
You are blasted!
Ouch! That really hurt!
* * * LOW HITPOINT WARNING * * *
You see here an arrow.
The centaur zaps a wand.
You are blasted!
* * * LOW HITPOINT WARNING * * *
The centaur zaps a wand.
You are blasted!
Ouch! That really hurt!
You die...

...####.....†......
...................
####......##.....
#.#....###....
#.###### ##.†.
#.##########..
#####...c..... ##'
#..(....#####. #.
#@###...# #. #.#
#......# ##. #.#
##..##.# ##.. #.#
#[.# # #... #.#
#..# ##.. #.. ....
##. ###
####.######)
........ #######.


You could see a centaur.

Vanquished Creatures
  Edmund (D:4)
  A phantom (D:4)
  A centaur (D:5)
  A wyvern skeleton (D:4)
  A scorpion (D:5)
  A howler monkey (D:5)
  3 vampire bats (D:2)
  A crimson imp (D:5)
  A hound (D:4)
  A centaur skeleton (D:5)
  An iguana (D:4)
  3 orc wizards
  3 worker ants (D:4)
  9 adders
  An ooze (D:4)
  An adder skeleton (D:4)
  An adder zombie (D:5)
  2 dart slugs
  5 leopard geckos
  20 orcs
  5 bat zombies (D:2)
  6 giant cockroaches
  7 goblins
  6 hobgoblins
  12 jackals
  10 kobolds
  5 quokkas
  A ball python (D:4)
  7 bats
  6 frilled lizards
  3 rats
126 creatures vanquished.

Notes
Turn   | Place    | Note
-------+----------+-------------------------------------------
     0 | D:1      | Curus the Gargoyle Gladiator began the quest for the Orb.
     0 | D:1      | Reached XP level 1. HP: 12/12 MP: 1/1
    69 | D:1      | Reached XP level 2. HP: 16/17 MP: 2/2
   314 | D:1      | Reached skill level 4 in Staves
   320 | D:1      | Reached XP level 3. HP: 20/21 MP: 3/3
   778 | D:2      | Reached XP level 4. HP: 24/26 MP: 4/4
   804 | D:2      | Found an ancient bone altar of Kikubaaqudgha.
   813 | D:2      | Reached skill level 5 in Staves
   817 | D:2      | Reached XP level 5. HP: 30/30 MP: 5/5
   821 | D:2      | Reached skill level 6 in Staves
  1105 | D:2      | Found an opulent altar of Gozag.
  1114 | D:2      | Reached XP level 6. HP: 28/35 MP: 6/6
  1777 | D:3      | Gained mutation: You have sharp fingernails. [potion of
                  | mutation]
  1777 | D:3      | Gained mutation: You have a beak for a mouth. [potion of
                  | mutation]
  1840 | D:3      | Reached skill level 7 in Staves
  2099 | D:3      | Found a blossoming altar of Fedhas.
  2357 | D:4      | Noticed diiiiiane's ghost (novice DEFE)
  2366 | D:4      | Found a staircase to the Ecumenical Temple.
  2367 | D:4      | Found a runed translucent gate.
  2367 | D:4      | Found a runed translucent gate.
  2367 | D:4      | Found a runed translucent gate.
  2372 | Temple   | Entered the Ecumenical Temple
  2426 | Temple   | Became a worshipper of Makhleb the Destroyer
  2474 | D:4      | Noticed a +0 hand axe
  2486 | D:4      | Noticed a +0 dagger
  2501 | D:4      | Found a hide-covered altar of Uskayaw.
  2529 | D:4      | Noticed a phantom
  2547 | D:4      | Killed a phantom
  2547 | D:4      | Reached XP level 7. HP: 34/40 MP: 7/7
  2632 | D:4      | Reached skill level 8 in Staves
  2633 | D:4      | Noticed Edmund
  2656 | D:4      | Killed Edmund
  3047 | D:4      | Found a radiant altar of Vehumet.
  3048 | D:4      | Found a hazy altar of Hepliaklqana.
  3049 | D:4      | Found a white marble altar of Elyvilon.
  3067 | D:4      | Reached * piety under Makhleb
  3080 | D:4      | Reached skill level 9 in Staves
  3407 | D:5      | Entered Level 5 of the Dungeon
  3472 | D:5      | Reached XP level 8. HP: 41/44 MP: 8/8
  3614 | D:5      | Blown up by a centaur

Levels and vault maps discovered:
D:1:      ebering_trefoil_twist, layout_basic
D:2:      layout_loops_ring, kennysheep_vampire_church, grunt_ministairs_6,
          nrook_uturn, nicolae_gozag_seed_capital
D:3:      layout_loops_ring, first_ration, fedhas_altar_3
D:4:      layout_basic, dancing_weapons_uskayaw,
          chequers_temple_overflow_statue_of_worship, temple_fountains,
          gammafunk_ghost_split, uniq_edmund
D:5:      layout_loops_corners, tso_altar
Temple:   regret_index_temple_waves

Skill      XL: |  1  2  3  4  5  6  7 |
---------------+----------------------+-----
Staves         | 4 5 6 7 9 |  9.8
Fighting       | |  2.1
Throwing       | |  1.7
Dodging        | |  2.4

Action                   |  1- 3 |  4- 6 |  7- 9 || total
-------------------------+-------+-------+-------++-------
Melee: Quarterstaff      |    92 |   258 |   123 ||   473
       Peck              |       |    15 |    25 ||    40
  Use: Potion            |     2 |     4 |       ||     6
       Scroll            |     4 |     5 |     2 ||    11
  Eat: Chunk             |       |     6 |     3 ||     9
Armor: Leather armour    |    17 |       |       ||    17
       Scale mail        |    23 |   136 |       ||   159
       Chain mail        |       |     9 |    88 ||    97
Dodge: Dodged            |    62 |   139 |    35 ||   236
